Map: Chain of Ascension

Players

Sindyr

  • Race: Zerg Zerg
  • League: Gold

Siliatra

  • Race: Protoss Protoss
  • Spawn Location: 11:00

VOD

Have the link to the VOD?

Description

Time

  • Played on: Dec. 26, 2025, 6:35 a.m.
  • Length: 28:40
Show
View Real Time Build Order
Export as new Build Order

Sindyr Zerg 

Build Orders:  

Get SALT Encoding   

  12  0:05  Infested SCV  
  13  0:17  Infested SCV  
  14  0:28  Overlord  
  14  0:44  Overlord  
  14  0:46  Infested SCV  
  15  0:56  Infested SCV  
  16  1:14  Infested SCV  
  17  1:21  Infested Refinery, Infested SCV  
  18  1:40  Infested Barracks  
  18  1:48  Infested SCV  
  19  2:02  Infested SCV  
  20  2:13  Infested SCV  
  21  2:28  Infested SCV  
  22  2:46  Overlord  
  22  2:49  Infested Barracks  
  22  2:57  Infested Barracks  
  22  2:59  Infested Barracks Tech Lab  
  22  3:02  Infested SCV  
  22  3:07  Infestation Level 1  
  23  4:01  Infested Marine x8  
  23  4:06  Overlord x2  
  23  4:07  Overlord  
  31  4:19  Overlord x2, Infested Refinery  
  27  4:32  Infested Marine x7  
  27  4:33  Infested Marine x12  
  27  4:34  Infested Marine x10  
  53  4:51  Infested Marine x10  
  53  4:52  Infested Marine x2  
  65  5:09  Infested Engineering Bay  
  65  5:24  Infested Engineering Bay  
  65  5:26  Anaerobic Enhancement  
  64  5:32  Infested Marine x2  
  64  5:36  Infested Marine x4  
  64  5:37  Infested Marine x2  
  33  6:04  Stukov Infantry Weapons Level 1  
  33  6:05  Stukov Infantry Armor Level 1  
  33  6:08  Infested Marine  
  33  6:09  Infested Marine x12  
  41  6:10  Infested Marine  
  37  6:33  Retinal Augmentation  
  37  6:38  Infested Marine x2  
  37  6:39  Infested Marine x3  
  42  6:40  Infested Marine  
  42  6:48  Infested SCV  
  44  7:09  Infested Marine x12  
  56  7:10  Infested Marine x8  
  59  7:20  Infested SCV  
  59  7:21  Infested SCV  
  56  7:33  Plagued Munitions  
  56  7:35  Infested Marine x12  
  56  7:36  Infested Marine  
  40  8:13  Infestation Level 2  
  35  8:23  Infested SCV  
  36  8:40  Infested Barracks  
  36  8:52  Infested Marine x4  
  36  8:53  Infested Marine x11  
  36  8:54  Infested Marine  
  52  9:11  Infested Marine x6  
  52  9:12  Infested Marine x7  
  52  9:13  Infested Marine  
  52  9:14  Infested Marine  
  52  9:15  Infested Marine  
  52  9:16  Infested Marine  
  52  9:26  Infested Marine x7  
  52  9:27  Infested Marine  
  52  9:28  Infested Marine  
  60  9:30  Infested Marine  
  60  9:31  Infested Marine  
  62  10:11  Infested Command Center  
  62  10:13  Broodling Gestation  
  62  10:17  Infested SCV  
  63  10:32  Infested Factory  
  56  11:03  Infested SCV  
  29  11:51  Infested Marine x3  
  29  11:52  Infested Marine x19  
  29  11:53  Infested Marine x13  
  29  11:54  Infested Marine x12  
  29  11:55  Infested Marine x10  
  86  12:02  Stukov Infantry Weapons Level 2  
  86  12:09  Stukov Infantry Armor Level 2  
  72  12:51  Infested SCV  
  72  12:52  Infested SCV x9  
  82  13:19  Infested Factory Tech Lab  
  82  13:22  Infested SCV x2  
  82  13:24  Infested SCV x2  
  82  13:27  Infested Refinery  
  82  13:29  Infested Refinery  
  43  14:00  Infested Armory  
  43  14:04  Infested Starport  
  43  14:14  Infested SCV x2  
  43  14:15  Infested SCV x4  
  49  14:29  Infested Marine  
  50  15:14  Stukov Infantry Weapons Level 3  
  49  15:23  Infested Barracks  
  49  15:29  Infested Barracks  
  49  15:35  Infested Barracks, Infested Marine  
  49  15:36  Infested Barracks, Infested Marine  
  49  15:37  Infested Marine x18  
  49  15:38  Infested Marine x14  
  49  15:39  Infested Marine x3  
  84  15:54  Infestation Level 3  
  84  15:59  Overlord  
  82  16:00  Overlord x4  
  82  16:06  Infested Marine  
  82  16:07  Infested Marine x3  
  53  16:26  Infested Marine  
  53  16:27  Infested Marine x13  
  53  16:28  Infested Marine x15  
  53  16:29  Infested Marine x14  
  92  16:30  Infested Marine x15  
  92  16:31  Infested Marine x2  
  92  16:32  Infested Marine  
  92  16:33  Infested Marine  
  111  16:42  Infested Marine  
  109  16:53  Infested Marine  
  109  16:54  Infested Marine x12  
  109  16:55  Infested Marine x4  
  126  17:03  Stukov Infantry Armor Level 3  
  126  17:14  Infested Marine  
  126  17:15  Infested Marine x15  
  81  17:32  Infested Marine  
  81  17:33  Infested Marine x13  
  81  17:35  Infested Marine x2  
  81  17:37  Infested Marine  
  89  18:14  Infested Bunker  
  89  18:18  Infested Bunker  
  101  18:23  Infested Bunker  
  98  18:35  Infested Bunker  
  98  18:37  Infested Colonist Compound, Infested Marine  
  98  18:38  Infested Marine x12  
  98  18:39  Infested Marine  
  99  18:41  Infested Marine x2  
  96  18:54  Calcified Armor  
  69  19:23  Infested Marine x3  
  69  19:24  Infested Marine x6  
  69  19:25  Infested Marine x13  
  69  19:26  Infested Marine x14  
  69  19:27  Infested Marine x7  
  69  19:28  Infested Marine x4  
  69  19:29  Infested Marine x5  
  118  19:30  Infested Marine x5  
  118  19:31  Infested Marine x3  
  118  19:35  Infested Marine x3  
  118  19:36  Infested Marine  
  126  19:49  Unknown  
  126  19:54  Regenerative Plating  
  126  20:11  Infested Marine x8  
  63  20:30  Infested Bunker  
  63  20:32  Infested Bunker  
  59  20:41  Infested Marine x10  
  59  20:42  Infested Marine x16  
  59  20:43  Infested Marine x13  
  59  20:44  Infested Marine x14  
  59  20:45  Infested Marine  
  59  20:47  Infested Marine x2  
  59  20:49  Infested Marine  
  92  21:42  Infested Bunker  
  92  21:43  Infested Bunker  
  104  21:57  Infested SCV  
  104  21:58  Infested SCV x4  
  109  22:01  Infested Bunker  
  109  22:16  Infested Marine x6  
  109  22:17  Infested Marine x13  
  109  22:18  Infested Marine x10  
  109  22:19  Infested Marine x4  
  100  22:52  Infested Marine x5  
  100  22:53  Infested Marine x9  
  100  22:54  Infested Marine x5  
  100  22:55  Infested Marine x6  
  100  22:56  Infested Marine  
  100  22:58  Infested Marine x2  
  126  23:00  Infested Marine  
  126  23:01  Infested Marine  
  126  23:03  Infested Marine x2  
  126  23:09  Overlord x4  
  126  23:10  Overlord  
  126  23:13  Overlord x2  
  126  23:36  Infested Marine  
  126  23:45  Infested Marine x11  
  126  23:46  Infested Marine x15  
  126  23:47  Infested Marine x19  
  126  23:48  Infested Marine x11  
  126  23:49  Infested Marine  
  162  23:50  Infested Marine  
  162  23:52  Infested Marine x2  
  128  24:08  Infested Marine  
  128  24:09  Infested Marine x12  
  141  24:10  Infested Marine  
  141  24:12  Infested Marine  
  142  24:38  Infested Marine x5  
  142  24:39  Infested Marine x11  
  148  24:40  Infested Marine x7  
  148  24:42  Infested Marine x2  
  148  24:46  Infested Bunker  
  112  25:19  Infested Marine  
  109  25:20  Infested Marine x17  
  109  25:21  Infested Marine x13  
  109  25:22  Infested Marine  
  127  25:34  Infested Bunker  
  127  25:36  Infested Bunker  
  124  25:42  Infested Bunker  
  124  25:45  Infested Bunker  
  124  25:50  Infested Marine x9  
  124  25:51  Infested Marine x14  
  124  25:52  Infested Marine  
  124  25:54  Infested Marine  
  124  25:55  Infested Marine  
  124  25:57  Infested Marine  
  112  26:12  Infested Marine  
  112  26:13  Infested Marine x12  
  112  26:15  Infested Marine  
  85  26:48  Infested Marine x4  
  85  26:49  Infested Marine x14  
  89  26:50  Infested Marine x11  
  83  27:18  Overlord x3  
  83  27:19  Overlord  
  75  27:22  Infested Marine x13  
  75  27:23  Infested Marine x13  
  75  27:24  Infested Marine  
  75  27:25  Infested Marine  
  75  27:27  Infested Marine x2  
  75  27:29  Infested Marine  
  102  27:30  Infested Marine  
  102  27:32  Infested Marine x2  
  101  28:14  Infested Marine x5  
  101  28:15  Infested Marine x15  
  101  28:16  Infested Marine x13  
  101  28:17  Infested Marine x3  
  129  28:20  Infested Marine x2  
Show
View Real Time Build Order
Export as new Build Order

Siliatra Protoss 

Build Orders:  

Get SALT Encoding   

  12  0:02  Probe (Chrono Boost)  
  13  0:16  Probe (Chrono Boost)  
  14  0:27  Pylon  
  14  0:31  Probe (Chrono Boost)  
  15  0:52  Probe (Chrono Boost)  
  15  0:55  Gateway  
  16  1:06  Probe (Chrono Boost)  
  17  1:19  Assimilator  
  9  1:20  Probe (Chrono Boost)  
  18  1:33  Probe (Chrono Boost)  
  18  1:39  Assimilator  
  19  1:47  Probe (Chrono Boost)  
  19  1:49  Pylon  
  20  2:01  Probe (Chrono Boost)  
  20  2:09  Cybernetics Core  
  21  2:15  Probe (Chrono Boost)  
  22  2:29  Probe (Chrono Boost)  
  23  2:43  Probe (Chrono Boost)  
  24  2:54  Gateway  
  24  3:03  Gateway, Probe (Chrono Boost)  
  24  3:09  Warp Gate  
  25  3:11  Adept  
  25  3:17  Probe (Chrono Boost)  
  28  3:20  Pylon  
  28  3:28  Talis' A.I. Personality  
  28  3:30  Probe (Chrono Boost)  
  29  3:44  Pylon  
  29  3:53  Pylon, Probe (Chrono Boost)  
  30  4:45  Adept x3  
  36  5:05  Twilight Council  
  36  5:08  Pylon  
  36  5:19  Adept  
  38  5:20  Adept x2  
  38  5:25  Pylon  
  38  5:27  Pylon  
  38  5:29  Kaldalis' A.I. Personality  
  42  6:23  Adept x3  
  34  6:35  Psionic Projection  
  34  6:40  Pylon x2  
  34  7:24  Debilitation System  
  28  7:37  Adept x3  
  34  7:43  Gateway  
  34  7:46  Forge  
  34  7:51  Forge  
  34  8:12  Adept x3  
  34  8:13  Empowered Blades  
  34  8:18  Pylon  
  38  8:57  Protoss Ground Weapons Level 1  
  38  9:02  Charge, Adept  
  38  9:03  Adept x3  
  46  9:15  Protoss Ground Armor Level 1  
  44  9:58  Nexus  
  44  10:02  Assimilator  
  44  10:07  Assimilator  
  44  10:09  Pylon  
  43  10:18  Probe (Chrono Boost)  
  44  10:35  Probe (Chrono Boost)  
  44  10:39  Legionnaire  
  48  10:41  Adept x2  
  52  10:55  Probe (Chrono Boost)  
  54  11:10  Probe (Chrono Boost)  
  54  11:24  Probe (Chrono Boost)  
  55  11:38  Probe (Chrono Boost)  
  33  12:02  Probe x2 (Chrono Boost)  
  35  12:16  Probe x2 (Chrono Boost)  
  37  12:23  Adept  
  37  12:24  Adept x2  
  37  12:29  Assimilator  
  43  12:30  Probe x2 (Chrono Boost)  
  43  12:32  Legionnaire  
  48  12:44  Probe x2 (Chrono Boost)  
  50  12:52  Conservator  
  50  12:54  Conservator  
  50  12:55  Legionnaire  
  50  12:58  Probe x2 (Chrono Boost)  
  59  13:12  Probe x2 (Chrono Boost)  
  61  13:23  Protoss Ground Weapons Level 2, Protoss Ground Armor Level 2  
  61  13:26  Probe x2 (Chrono Boost)  
  63  13:39  Probe (Chrono Boost)  
  63  13:45  Pylon  
  63  13:48  Probe (Chrono Boost)  
  65  13:57  Gateway  
  65  14:09  Adept x3  
  71  14:10  Adept  
  57  14:47  Robotics Facility  
  52  14:50  Robotics Facility  
  52  14:53  Robotics Facility  
  49  15:42  Adept  
  49  15:43  Adept x3  
  49  15:44  Adept  
  57  16:22  Immortal x2  
  57  16:23  Immortal  
  69  16:33  Robotics Bay  
  69  16:37  Adept x3  
  75  16:52  Stargate  
  75  16:57  Pylon  
  75  17:00  Pylon  
  75  17:08  Protoss Ground Weapons Level 3  
  75  17:58  Immortal x3  
  87  18:00  Scout  
  87  18:08  Fleet Beacon  
  87  18:09  Stargate  
  90  18:13  Stargate  
  90  18:17  Stargate  
  90  18:18  Legionnaire x3  
  90  18:19  Legionnaire x2  
  105  18:30  Scout  
  105  18:37  Taldarin's A.I. Personality  
  108  19:00  Scout  
  111  19:12  Protoss Shields Level 1  
  111  19:18  Scout x2  
  111  19:19  Scout  
  120  19:30  Scout  
  120  19:37  Mojo's A.I. Personality  
  123  19:43  Cybernetics Core  
  123  19:48  Scout x2  
  129  19:56  Combat Sensor Array  
  83  20:27  Protoss Air Weapons Level 1  
  83  20:29  Protoss Air Armor Level 1  
  55  20:47  Scout x4  
  67  21:17  Scout  
  70  21:37  Adept x4  
  70  21:38  Adept  
  80  21:53  Scout x3  
  80  21:54  Scout  
  84  22:21  Protoss Shields Level 2  
  84  22:23  Scout x2  
  90  22:39  Protoss Air Weapons Level 2  
  87  22:49  Legionnaire x3  
  85  22:50  Legionnaire x2  
  91  23:05  Scout  
  91  23:06  Scout x3  
  103  23:14  Protoss Air Armor Level 2  
  61  24:04  Scout  
  61  24:05  Scout x3  
  67  24:40  Scout x3  
  67  24:41  Scout  
  61  25:56  Scout x3  
  61  25:57  Scout  
  73  26:12  Legionnaire x3  
  73  26:13  Legionnaire x2  
  76  26:46  Adept x3  
  76  26:47  Adept x2  
  84  27:11  Adept  
  84  27:12  Adept x4  
  94  27:24  Photon Cannon  
  82  28:00  Adept x2  
  82  28:01  Adept x3  
  82  28:05  Scout x3  
Tags
 
Commander
FenixStukov
League
Gold
Matchup
Co-op
Replay Pack
Multiplayer
Add a new tag
Caveats
  • Supply blocks, unpowered buildings, or Contaminate may cause inaccurate times.
  • Supply counts are checked every 10 seconds.